 Dungeon Crawl Stone Soup version 0.27.1-37-g7b29ead8ac (console) character file.

Game seed: 9743322537407824122

3334 grimtooth the Carver (level 10, -1/72 HPs)
             Began as a Djinni Gladiator on Mar 8, 2023.
             Was a Follower of Makhleb.
             Slain by an orc warrior (9 damage)
             ... on level 9 of the Dungeon.
             The game lasted 00:49:08 (12677 turns).

grimtooth the Carver (Djinni Gladiator)            Turns: 12677, Time: 00:49:10

Health: -1/72      AC:  5    Str: 14    XL:     10   Next: 22%
Gold:   63         EV: 13    Int: 11    God:    Makhleb [*.....] SH:  0 Dex: 22

rFire    + + .     SeeInvis .   a - +0 long sword
rCold    x . .     Faith    .   (no shield)
rNeg     . . .     Spirit   .   x - +0 leather armour
rPois    ∞         Reflect  .   c - +0 helmet
rElec    .         Harm     .   (no cloak)
rCorr    .         Rampage  .   l - +0 pair of gloves
Will     +....                  (boots unavailable)
Stlth    +.........             (no amulet)
HPRegen  0.22/turn              w - +6 ring of dexterity
MPRegen  0.00/turn              (no ring)

@: mighty, lit by a corona, flying, glowing
A: sickness immunity, fire resistance 2, cold vulnerability 1, float, innate
caster, hp casting, extra vitality 1
a: Renounce Religion


You were on level 9 of the Dungeon.
You worshipped Makhleb.
Makhleb was aware of your devotion.
You visited 2 branches of the dungeon, and saw 10 of its levels.

You collected 340 gold pieces.
You spent 277 gold pieces at shops.

Inventory:

Hand Weapons
 a - a +0 long sword (weapon)
 b - a +3 dagger of freezing
 F - a +1 dagger of draining
Missiles
 d - 4 throwing nets {=f}
 e - 26 stones
 t - 10 javelins
 y - 15 sling bullets
 C - 18 boomerangs of dispersal
 E - 3 boomerangs
 K - 18 poisoned darts (quivered)
Armour
 c - a +0 helmet (worn)
 l - a +0 pair of gloves (worn)
 s - a +2 buckler
 x - a +0 leather armour (worn)
Magical Staves
 m - a staff of conjuration
Jewellery
 w - a +6 ring of dexterity (left hand)
 J - a ring of see invisible
Wands
 f - a wand of flame (22)
 D - a wand of acid (7)
Scrolls
 h - a scroll of immolation
 i - a scroll of fear {unknown}
 j - 2 scrolls of enchant armour {unknown}
 n - a scroll of torment {unknown}
 o - a scroll of silence {unknown}
 p - a scroll of fog
 u - a scroll of magic mapping
 v - a scroll of blinking
 B - 2 scrolls of acquirement {unknown}
Potions
 g - 4 potions of curing
 q - a potion of lignification
 r - a potion of invisibility {unknown}
 z - 2 potions of brilliance
 A - a potion of berserk rage {unknown}
 H - 2 potions of attraction {unknown}
 I - a potion of magic {unknown}


   Skills:
 - Level 6.0 Fighting
 - Level 9.0 Long Blades
 - Level 1.5 Throwing
 - Level 3.2 Dodging
 + Level 4.4 Spellcasting
 - Level 6.0 Invocations


You had 8 spell levels left.
You knew the following spells:

 Your Spells              Type           Power      Damage    Failure   Level
a - Foxfire               Conj/Fire      48%        2x1d6     4%          1
b - Leda's Liquefaction   Hex/Erth       6%         N/A       43%         4
k - Blink                 Tloc           N/A        N/A       7%          2
w - Passwall              Tmut/Erth      10%        N/A       7%          2
Your spell library was empty.

Dungeon Overview and Level Annotations

Branches:
Dungeon (9/15)             Temple (1/1) D:5
   Lair: D:8-11         Orc: D:9-12

Altars:
Ashenzari
Cheibriados
Dithmenos
Elyvilon
Fedhas
Gozag
Hepliaklqana
Makhleb
Nemelex Xobeh
Qazlal
Ru
Sif Muna
Uskayaw
Vehumet
Wu Jian
Xom
Yredelemnul
The Shining One

Shops:
D:3 !   D:7 *

Annotations:
D:6 warrior
D:7 2 transporters, turdburglar's ghost, novice KoEn
D:8 hydra, Psyche
D:9 exclusion: upstairs


Innate Abilities, Weirdness & Mutations

You are immune to sickness and miasma.
You are immune to poison.
Your flesh is very heat resistant. (rF++)
You are vulnerable to cold. (rC-)
You float through the air rather than walking.
You learn spells naturally, not from books.
Your magical power is your life essence.
You have superior vitality. (+4 HP)


Message History

You throw a poisoned dart.
The poisoned dart completely misses the orc warrior.
The poisoned dart hits the gnoll shaman.
The gnoll shaman is poisoned.
The gnoll shaman is almost dead.
The gnoll shaman prays to its god.
The gnoll shaman is healed somewhat.
Press: ? - help, v - describe, . - travel, g - get item
Items here: )) [ ††.
The floor.
Throw: 19 darts (poison)
Press: ? - help, Q - select action, (/) - cycle Shift-Dir - straight line, f/p - gnoll
Aim: a gnoll, wielding a +0 spear (fast, 69% to hit)
You throw a poisoned dart. The poisoned dart hits the orc warrior.
The orc warrior is poisoned.
The orc warrior is moderately wounded.
You hit the orc warrior.
The orc warrior is heavily wounded.
The orc warrior hits you with a +0 hand axe!
* * * LOW HITPOINT WARNING * * *
Okay, then.
Aiming: Corrosive Bolt
Press: ? - help, Shift-Dir - straight line, f/p - gnoll
Aim: a gnoll, wielding a +0 spear (fast, 75% to hit)
The bolt of acid hits the orc warrior!
The orc warrior is splashed with acid.
The acid corrodes the orc warrior!
The orc warrior is almost dead.
The bolt of acid hits the gnoll shaman.
The gnoll shaman is splashed with acid.
The acid corrodes the gnoll shaman!
You kill the gnoll shaman!
Makhleb accepts your kill.
The bolt of acid hits the gnoll!
The gnoll is splashed with acid.
The acid corrodes the gnoll!
The gnoll is almost dead.
The bolt of acid hits the centaur zombie!
The centaur zombie is splashed with acid!
The centaur zombie is severely damaged.
You hear two shouts!
The orc warrior hits you with a +0 hand axe!
You die...

########################
....Zg>.).g(Zg)o@.......
.....g##<.###.####......
...#. #..# #. ..... . #
#o.# #. .... #..# #. ...
#..# #. .. #..# #. #
#..# #. #..#


You could see an orc warrior (poisoned, corroded), 2 gnolls and a centaur
zombie.

Vanquished Creatures
  Grinder (D:4)
  Menkaure (D:4)
  3 water moccasins
  2 sky beasts
  2 ogres (D:6)
  3 black bears
  3 necrophages
  A centaur (D:9)
  3 kobold brigands (D:8)
  A phantom (D:5)
  3 bullfrogs
  2 scorpions (D:4)
  A wyvern skeleton (D:6)
  7 wights
  A crimson imp (D:3)
  2 bullfrog zombies
  A gnoll shaman (D:9)
  3 hounds
  3 jellies (D:4)
  2 orc priests
  2 centaur skeletons
  4 iguanas
  A scorpion zombie (D:5)
  3 orc wizards
  A statue (D:3)
  8 adders
  A shadow imp (D:6)
  A white imp (D:6)
  An ufetubus (D:5)
  2 worms
  25 orcs
  2 endoplasms
  3 giant cockroaches
  10 goblins
  9 hobgoblins
  7 jackals
  2 quokkas
  6 ball pythons
  8 bats
  3 frilled lizards
  A goblin zombie (D:3)
  12 kobolds
  3 kobold skeletons (D:3)
  2 kobold zombies (D:3)
  An orc skeleton (D:3)
  2 orc zombies (D:3)
  7 rats
172 creatures vanquished.

Vanquished Creatures (others)
  143 foxfires
143 creatures vanquished.

Grand Total: 315 creatures vanquished

Notes
Turn   | Place    | Note
-------+----------+-------------------------------------------
     0 | D:1      | grimtooth the Djinni Gladiator began the quest for the Orb.
     0 | D:1      | Reached XP level 1. HP: 18/18 MP: 0/0
    64 | D:1      | Reached skill level 3 in Long Blades
   102 | D:1      | Reached XP level 2. HP: 23/23 MP: 0/0
   396 | D:1      | Found a faded altar of an unknown god.
   746 | D:2      | Reached XP level 3. HP: 22/28 MP: 0/0
   746 | D:2      | Learned a level 1 spell: Foxfire
   973 | D:2      | Reached skill level 4 in Long Blades
  1152 | D:2      | Reached XP level 4. HP: 33/33 MP: 0/0
  1230 | D:2      | Found a shimmering altar of Xom.
  1933 | D:3      | Found Paf Qaoj's Distillery.
  1988 | D:3      | Found a glowing golden altar of the Shining One.
  2013 | D:3      | Reached skill level 1 in Spellcasting
  2013 | D:3      | Reached XP level 5. HP: 38/38 MP: 0/0
  2013 | D:3      | Learned a level 2 spell: Passwall
  2324 | D:3      | Noticed a charred statue
  2685 | D:3      | Found a shimmering altar of Xom.
  3124 | D:4      | Reached skill level 5 in Long Blades
  3124 | D:4      | Reached XP level 6. HP: 43/43 MP: 0/0
  3205 | D:4      | Noticed Grinder
  3341 | D:4      | Noticed Menkaure
  3342 | D:4      | - dang
  3577 | D:4      | Reached XP level 7. HP: 49/49 MP: 0/0
  3577 | D:4      | Learned a level 2 spell: Blink
  3665 | D:5      | Entered Level 5 of the Dungeon
  3766 | D:5      | Reached skill level 6 in Long Blades
  4032 | D:5      | Found a staircase to the Ecumenical Temple.
  4043 | Temple   | Entered the Ecumenical Temple
  4103 | Temple   | Became a worshipper of Makhleb the Destroyer
  4608 | D:5      | Reached XP level 8. HP: 40/54 MP: 0/0
  4700 | D:5      | Reached skill level 7 in Long Blades
  4700 | D:5      | Reached skill level 1 in Invocations
  6051 | D:6      | Found a sparkling altar of Nemelex Xobeh.
  6698 | D:6      | Reached skill level 8 in Long Blades
  7197 | D:6      | Found a blossoming altar of Fedhas.
  7703 | D:7      | Found a transporter.
  7893 | D:7      | Reached XP level 9. HP: 45/58 MP: 0/0
  7893 | D:7      | Learned a level 4 spell: Leda's Liquefaction
  7988 | D:7      | Found Feenen's Assorted Antiques.
  8047 | D:7      | Bought a brown potion for 22 gold pieces
  8447 | D:7      | Found a transporter.
  8448 | D:7      | Noticed turdburglar's ghost (novice KoEn)
  8487 | D:7      | Reached skill level 9 in Long Blades
  9458 | D:8      | Noticed a komodo dragon
  9474 | D:8      | Found a shadowy altar of Dithmenos.
  9475 | D:8      | Found a hazy altar of Hepliaklqana.
  9476 | D:8      | Found a broken altar of Ashenzari.
  9476 | D:8      | Found a snail-covered altar of Cheibriados.
  9555 | D:8      | Noticed an eight-headed hydra
  9556 | D:8      | - wow
  9668 | D:8      | Reached skill level 5 in Invocations
  9795 | D:8      | Reached * piety under Makhleb
 10416 | D:3      | Bought a potion of heal wounds for 55 gold pieces
 10956 | D:4      | Identified the +1 robe of Vehumet's Esteem {rF+}
 11033 | D:4      | Killed Grinder
 11165 | D:4      | Killed Menkaure
 11413 | D:4      | Reached XP level 10. HP: 39/69 MP: 0/0
 11738 | D:4      | Reached skill level 5 in Fighting
 12505 | D:7      | Bought a blackened bronze wand for 100 gold pieces
 12505 | D:7      | Bought a brass wand for 100 gold pieces
 12641 | D:8      | Noticed Psyche
 12677 | D:9      | Slain by an orc warrior

Illustrated notes .# .# .# ####.# ##....# # ###..⌠..#.#.. ###....zz....h. ....M..@.z..... ###............ #..⌠.g.⌠#.... #............ #...#####.. . #... .... #... ... #... .. Turn 3342 on D:4: - dang

###### #....# #.##.# ###
#.##.###### ..#
#.##.#....#
..#####.##.#..[.#######
.....##.##.#....#.....##
......#.##.#....#.......
#.....#.##.#....#.......
#.....#.........@.......
#.....#...............D.
#.....#....#............
#.....#.....#+#.######+#
#†....####......##
...................
#.###.............. #.#
+.......#......
#.#.#.......##.####
#.#.#.....#.#...#
................#


Turn 9556 on D:8: - wow

Levels and vault maps discovered:
D:1:      minmay_arrival_shoal_huts, layout_basic,
          chequers_ecumenical_altar_simple_redux
D:2:      layout_basic, basic_altar, minmay_goblin_kobold_house
D:3:      layout_basic, vehumet_statue, nicolae_tso_besieged_by_evil,
          mainiacjoe_overflow_alcove_2, serial_shops, nicolae_shop_waterfront
D:4:      layout_basic, grunt_ministairs_1, kennysheep_generic_room_2,
          uniq_grinder, uniq_menkaure
D:5:      minmay_diamond_boxcup, layout_loops_ring,
          minmay_temple_entry_gardened_gates
D:6:      layout_basic, mainiacjoe_overflow_catwalk, fedhas_altar_4
D:7:      layout_loops_corners, serial_shops, nicolae_shop_statue_plus,
          gammafunk_ghost_mausoleum
D:8:      layout_basic, nicolae_kikubaaqudgha_miasma_corner,
          grunt_temple_overflow_open, minmay_unpleasant_kobolds, uniq_psyche
D:9:      minmay_imperfect_grid, layout_long_grid, okawaru_ov_weapons_minmay,
          lair_entry_dummy
Temple:   compressed_dpeg_triangle_lava_temple

Skill      XL: |  1  2  3  4  5  6  7  8  9 10 |
---------------+-------------------------------+-----
Long Blades    | 3 4 5 6 8 9 |  9.0
Spellcasting   | 1 2 3 4 |  4.4
Invocations    | 3 5 6 |  6.0
Fighting       | 4 6 |  6.0
Throwing       | |  1.5
Dodging        | |  3.2

Action                   |  1- 3 |  4- 6 |  7- 9 | 10-12 || total
-------------------------+-------+-------+-------+-------++-------
Melee: Long sword        |    62 |   142 |   330 |    46 ||   580
       Unarmed           |       |    13 |    17 |       ||    30
       Dagger            |       |       |     1 |       ||     1
Throw: Stone             |    21 |    23 |    34 |       ||    78
       Dart              |       |     3 |    20 |     6 ||    29
       Javelin           |       |       |     4 |     1 ||     5
 Cast: Foxfire           |       |       |    52 |    30 ||    82
       Blink             |       |       |       |     2 ||     2
Evoke: Wand              |       |       |       |     5 ||     5
  Use: Potion            |       |     2 |     4 |     2 ||     8
       Scroll            |       |     1 |     4 |     3 ||     8
 Stab: Sleeping          |       |       |     1 |       ||     1
Armor: Leather armour    |    22 |    65 |    86 |     8 ||   181
       Skin              |       |    16 |    16 |       ||    32
Dodge: Dodged            |    56 |    96 |   213 |    37 ||   402
       Rpst.: Long sword |    17 |    27 |    54 |     9 ||   107
